TOP OF THE 1ST |
Louisville BC batting - Pitching for Rocky Mountain Nuggets : RHP Ismael Barrios
|
Pitching: RHP Ismael Barrios
|
|
Batting: LHB Carroll Martin
|
0-0: Ball 1-0: Swinging Strike 1-1: Foul Ball, location: 2F 1-2: Strikes out swinging
|
Batting: LHB António González
|
0-0: Called Strike 0-1: Fly out, F7 (Flyball, 7D)
|
Batting: SHB Eddie Ménard
|
0-0: Called Strike 0-1: Called Strike 0-2: Strikes out swinging
|
Top of the 1st over - 0 run(s), 0 hit(s), 0 error(s), 0 left on base; Louisville 0 - Rocky Mountain 0 |
BOTTOM OF THE 1ST |
Rocky Mountain Nuggets batting - Pitching for Louisville BC : RHP Leroy Picot
|
Pitching: RHP Leroy Picot
|
|
Batting: RHB Mark Melton
|
0-0: Foul Ball, location: 2F 0-1: Foul Ball, location: 2F 0-2: Foul Ball, location: 2F 0-2: Foul Ball, location: 2F 0-2: Ball 1-2: Foul Ball, location: 2F 1-2: Ball 2-2: Foul Ball, location: 2F 2-2: Ground out 6-3 (Groundball, 6)
|
Batting: RHB Javier Martínez
|
0-0: Called Strike 0-1: Fly out, F9 (Line Drive, 89S)
|
Batting: LHB Javier Sánchez
|
0-0: Called Strike 0-1: Ball 1-1: Fly out, F8 (Flyball, 8RXD)
|
Bottom of the 1st over - 0 run(s), 0 hit(s), 0 error(s), 0 left on base; Louisville 0 - Rocky Mountain 0 |
TOP OF THE 2ND |
Louisville BC batting - Pitching for Rocky Mountain Nuggets : RHP Ismael Barrios
|
Batting: LHB Luis Velázquez
|
0-0: Called Strike 0-1: Ball 1-1: Ball 2-1: Called Strike 2-2: Strikes out looking
|
Batting: SHB Chris Williamson
|
0-0: Called Strike 0-1: Called Strike 0-2: Strikes out looking
|
Batting: RHB Roy Herring
|
0-0: Called Strike 0-1: Ball 1-1: Foul Ball, location: 2F 1-2: Ball 2-2: Strikes out swinging
|
Top of the 2nd over - 0 run(s), 0 hit(s), 0 error(s), 0 left on base; Louisville 0 - Rocky Mountain 0 |
BOTTOM OF THE 2ND |
Rocky Mountain Nuggets batting - Pitching for Louisville BC : RHP Leroy Picot
|
Batting: RHB Andrés Rodríguez
|
0-0: Ball 1-0: SINGLE (Groundball, 6MD)
|
Batting: LHB Juan Ríos
|
0-0: Ball 1-0: Ball 2-0: Foul Ball, location: 2F 2-1: Fielders Choice at 2nd, 4-6 (Groundball, 4)
|
Batting: RHB Wes Shannon
|
0-0: Ball 1-0: Called Strike Error on foul ball, E3 1-2: Ball 2-2: Foul Ball, location: 2F 2-2: Ball 3-2: Fly out, F7 (Flyball, 7S)
|
Batting: LHB Randy Bowen
|
0-0: Ball 1-0: Ball 2-0: Called Strike 2-1: Foul Ball, location: 2F 2-2: Fly out, F8 (Flyball, 8LM)
|
Bottom of the 2nd over - 0 run(s), 1 hit(s), 1 error(s), 1 left on base; Louisville 0 - Rocky Mountain 0 |
TOP OF THE 3RD |
Louisville BC batting - Pitching for Rocky Mountain Nuggets : RHP Ismael Barrios
|
Batting: LHB Joram Nelen
|
0-0: Called Strike 0-1: Ground out 6-3 (Groundball, 6)
|
Batting: LHB Arturo Acevedo
|
0-0: Ball 1-0: Called Strike 1-1: Ball 2-1: Foul Ball, location: 2F 2-2: Ball 3-2: Strikes out swinging
|
Batting: RHB Yuji Ine
|
0-0: Ball 1-0: Called Strike 1-1: Swinging Strike 1-2: Strikes out looking
|
Top of the 3rd over - 0 run(s), 0 hit(s), 0 error(s), 0 left on base; Louisville 0 - Rocky Mountain 0 |
BOTTOM OF THE 3RD |
Rocky Mountain Nuggets batting - Pitching for Louisville BC : RHP Leroy Picot
|
Batting: RHB Mike Green
|
0-0: Called Strike 0-1: Swinging Strike 0-2: Ball 1-2: Ball 2-2: Foul Ball, location: 2F 2-2: Ball 3-2: Strikes out swinging
|
Batting: RHB Gary Chalmers
|
0-0: Called Strike 0-1: DOUBLE (Line Drive, 9LM)
|
Batting: RHB Mark Melton
|
0-0: Ball 1-0: Called Strike 1-1: Called Strike 1-2: Ball 2-2: Fly out, F7 (Flyball, 7LM)
|
Batting: RHB Javier Martínez
|
0-0: Foul Ball, location: 2F 0-1: Called Strike 0-2: Ball 1-2: Strikes out swinging
|
Bottom of the 3rd over - 0 run(s), 1 hit(s), 0 error(s), 1 left on base; Louisville 0 - Rocky Mountain 0 |
TOP OF THE 4TH |
Louisville BC batting - Pitching for Rocky Mountain Nuggets : RHP Ismael Barrios
|
Batting: LHB Carroll Martin
|
0-0: Swinging Strike 0-1: Fly out, F8 (Flyball, 78D)
|
Batting: LHB António González
|
0-0: Ball 1-0: Fly out, F8 (Flyball, 8LM)
|
Batting: SHB Eddie Ménard
|
0-0: Ball 1-0: Ball 2-0: Swinging Strike 2-1: Called Strike 2-2: Ball 3-2: Strikes out swinging
|
Top of the 4th over - 0 run(s), 0 hit(s), 0 error(s), 0 left on base; Louisville 0 - Rocky Mountain 0 |
BOTTOM OF THE 4TH |
Rocky Mountain Nuggets batting - Pitching for Louisville BC : RHP Leroy Picot
|
Batting: LHB Javier Sánchez
|
0-0: Fly out, F9 (Flyball, 9)
|
Batting: RHB Andrés Rodríguez
|
0-0: Ball 1-0: Ground out 5-3 (Groundball, 2L)
|
Batting: LHB Juan Ríos
|
0-0: Ball 1-0: Called Strike 1-1: Ball 2-1: Foul Ball, location: 2F 2-2: Ground out 4-3 (Groundball, 4)
|
Bottom of the 4th over - 0 run(s), 0 hit(s), 0 error(s), 0 left on base; Louisville 0 - Rocky Mountain 0 |
TOP OF THE 5TH |
Louisville BC batting - Pitching for Rocky Mountain Nuggets : RHP Ismael Barrios
|
Batting: LHB Luis Velázquez
|
0-0: Ball 1-0: Called Strike 1-1: Ground out 4-3 (Groundball, 4)
|
Batting: SHB Chris Williamson
|
0-0: Ball 1-0: Ball 2-0: Ball 3-0: Base on Balls
|
Batting: RHB Roy Herring
|
0-0: Ball 1-0: Ball 2-0: Grounds into double play, 4-6-3 (Groundball, 4)
|
Top of the 5th over - 0 run(s), 0 hit(s), 0 error(s), 0 left on base; Louisville 0 - Rocky Mountain 0 |
BOTTOM OF THE 5TH |
Rocky Mountain Nuggets batting - Pitching for Louisville BC : RHP Leroy Picot
|
Batting: RHB Wes Shannon
|
0-0: Ball 1-0: Called Strike 1-1: Fly out, F9 (Flyball, 9)
|
Batting: LHB Randy Bowen
|
0-0: Called Strike 0-1: Ball 1-1: Ball 2-1: Fly out, F4 (Line Drive, 4)
|
Batting: RHB Mike Green
|
0-0: Ball 1-0: Ball 2-0: DOUBLE (Line Drive, 8LD)
|
Batting: RHB Gary Chalmers
|
0-0: Foul Ball, location: 2F 0-1: Foul Ball, location: 2F 0-2: Reached on error, E6 (Groundball, 6) Mike Green to third
|
Batting: RHB Mark Melton
|
0-0: Ball 1-0: Swinging Strike 1-1: Ball 2-1: Called Strike 2-2: Ball 3-2: Foul Ball, location: 2F 3-2: Ground out 6-3 (Groundball, 6)
|
Bottom of the 5th over - 0 run(s), 1 hit(s), 1 error(s), 2 left on base; Louisville 0 - Rocky Mountain 0 |
TOP OF THE 6TH |
Louisville BC batting - Pitching for Rocky Mountain Nuggets : RHP Ismael Barrios
|
Batting: LHB Joram Nelen
|
0-0: Called Strike 0-1: Fly out, F3 (Line Drive, 34)
|
Batting: LHB Arturo Acevedo
|
0-0: Ball 1-0: Ball 2-0: Ball 3-0: Base on Balls
|
Batting: RHB Yuji Ine
|
0-0: Fly out, F8 (Flyball, 8LD)
|
Batting: LHB Carroll Martin
|
0-0: Called Strike 0-1: Ball 1-1: Ball 2-1: Ground out 4-3 (Groundball, 4MS)
|
Top of the 6th over - 0 run(s), 0 hit(s), 0 error(s), 1 left on base; Louisville 0 - Rocky Mountain 0 |
BOTTOM OF THE 6TH |
Rocky Mountain Nuggets batting - Pitching for Louisville BC : RHP Leroy Picot
|
Batting: RHB Javier Martínez
|
0-0: Ball 1-0: Fly out, F9 (Line Drive, 9)
|
Batting: LHB Javier Sánchez
|
0-0: Fly out, F9 (Flyball, 9LM)
|
Batting: RHB Andrés Rodríguez
|
0-0: Called Strike 0-1: Ball 1-1: Foul Ball, location: 2F 1-2: Foul Ball, location: 2F 1-2: Foul Ball, location: 2F 1-2: Ball 2-2: SINGLE (Line Drive, 6MD)
|
Batting: LHB Juan Ríos
|
0-0: Ball 1-0: Ball 2-0: Foul Ball, location: 2F 2-1: Fly out, F5 (Line Drive, 5S)
|
Bottom of the 6th over - 0 run(s), 1 hit(s), 0 error(s), 1 left on base; Louisville 0 - Rocky Mountain 0 |
TOP OF THE 7TH |
Louisville BC batting - Pitching for Rocky Mountain Nuggets : RHP Ismael Barrios
|
Batting: LHB António González
|
0-0: Ball 1-0: Foul Ball, location: 2F 1-1: Ball 2-1: Foul Ball, location: 2F 2-2: SINGLE (Groundball, 4MD)
|
Batting: SHB Eddie Ménard
|
0-0: Called Strike 0-1: Ball 1-1: Ball 2-1: Ball 3-1: Called Strike 3-2: Strikes out swinging
|
Batting: LHB Luis Velázquez
|
0-0: Ball 1-0: Swinging Strike 1-1: Ball 2-1: Fly out, F9 (Flyball, 9)
|
Batting: SHB Chris Williamson
|
0-0: Ball 1-0: Swinging Strike 1-1: Ball 2-1: Ball 3-1: Base on Balls António González to second
|
Batting: RHB Roy Herring
|
0-0: Swinging Strike 0-1: Ball 1-1: Ball 2-1: Ball 3-1: Fly out, F8 (Flyball, 78D)
|
Top of the 7th over - 0 run(s), 1 hit(s), 0 error(s), 2 left on base; Louisville 0 - Rocky Mountain 0 |
BOTTOM OF THE 7TH |
Rocky Mountain Nuggets batting - Pitching for Louisville BC : RHP Leroy Picot
|
Batting: RHB Wes Shannon
|
0-0: Ground out 6-3 (Groundball, 6S)
|
Batting: LHB Randy Bowen
|
0-0: Fly out, F9 (Flyball, 89S)
|
Batting: RHB Mike Green
|
0-0: Called Strike 0-1: Called Strike 0-2: Ball 1-2: Foul Ball, location: 2F 1-2: Ball 2-2: Reached on error, E6 (Groundball, 6)
|
Pitching: RHP Lance Hodges
|
|
Batting: RHB Gary Chalmers
|
0-0: Foul Ball, location: 2F 0-1: Ball 1-1: Ball 2-1: Ball 3-1: Fly out, F9 (Flyball, 89S)
|
Bottom of the 7th over - 0 run(s), 0 hit(s), 1 error(s), 1 left on base; Louisville 0 - Rocky Mountain 0 |
TOP OF THE 8TH |
Louisville BC batting - Pitching for Rocky Mountain Nuggets : RHP Ismael Barrios
|
Batting: LHB Joram Nelen
|
0-0: Swinging Strike 0-1: Called Strike 0-2: Foul Ball, location: 2F 0-2: Strikes out swinging
|
Batting: LHB Arturo Acevedo
|
0-0: Ball 1-0: Foul Ball, location: 2F 1-1: Foul Ball, location: 2F 1-2: Ball 2-2: Foul Ball, location: 2F 2-2: Foul Ball, location: 2F 2-2: Fly out, F7 (Line Drive, 78M)
|
Batting: RHB Yuji Ine
|
0-0: Called Strike 0-1: Foul Ball, location: 2F 0-2: Foul Ball, location: 2F 0-2: Ball 1-2: SINGLE (Groundball, 56D)
|
Pitching: RHP Jorge Garza
|
|
Batting: LHB Carroll Martin
|
0-0: SINGLE (Groundball, 56S) (infield hit) Yuji Ine to second
|
Pinch Runner at 2nd Noriaki Okada:
|
|
Batting: LHB António González
|
0-0: Called Strike 0-1: Fielders Choice at 2nd, 4-6 (Groundball, 34)
|
Top of the 8th over - 0 run(s), 2 hit(s), 0 error(s), 1 left on base; Louisville 0 - Rocky Mountain 0 |
BOTTOM OF THE 8TH |
Rocky Mountain Nuggets batting - Pitching for Louisville BC : RHP Lance Hodges
|
Now at 1B: Kyle Bridges
|
|
Batting: RHB Mark Melton
|
0-0: Ball 1-0: Ball 2-0: Ball 3-0: Called Strike 3-1: Called Strike 3-2: Base on Balls
|
Batting: RHB Javier Martínez
|
0-0: Bunt missed! 0-1: Ball 1-1: Sac Bunt - play at second, runner OUT! 2-6
|
Batting: LHB Javier Sánchez
|
0-0: Ball 1-0: Called Strike 1-1: Swinging Strike 1-2: Strikes out looking
|
Batting: RHB Andrés Rodríguez
|
0-0: Ball 1-0: Ball 2-0: Called Strike 2-1: Fielders Choice at 2nd, 5-4 (Groundball, 5L)
|
Bottom of the 8th over - 0 run(s), 0 hit(s), 0 error(s), 0 left on base; Louisville 0 - Rocky Mountain 0 |
TOP OF THE 9TH |
Louisville BC batting - Pitching for Rocky Mountain Nuggets : RHP Jorge Garza
|
Pitching: RHP Reynaldo Ortíz
|
|
Batting: SHB Eddie Ménard
|
0-0: Ball 1-0: Ball 2-0: Foul Ball, location: 2F 2-1: Ground out 3-1 (Groundball, 34)
|
Batting: LHB Luis Velázquez
|
0-0: Called Strike 0-1: Ball 1-1: Ground out 1-3 (Groundball, P)
|
Batting: SHB Chris Williamson
|
0-0: Called Strike 0-1: Foul Ball, location: 2F 0-2: Foul Ball, location: 2F 0-2: Ball 1-2: Ball 2-2: Fly out, F9 (Flyball, 9LD)
|
Top of the 9th over - 0 run(s), 0 hit(s), 0 error(s), 0 left on base; Louisville 0 - Rocky Mountain 0 |
BOTTOM OF THE 9TH |
Rocky Mountain Nuggets batting - Pitching for Louisville BC : RHP Lance Hodges
|
Batting: LHB Juan Ríos
|
0-0: Ball 1-0: Fly out, F6 (Line Drive, 6)
|
Batting: RHB Wes Shannon
|
0-0: Ball 1-0: Ball 2-0: Ball 3-0: Called Strike 3-1: Called Strike 3-2: Foul Ball, location: 2F 3-2: Fly out, F9 (Flyball, 9S)
|
Batting: LHB Randy Bowen
|
0-0: Swinging Strike 0-1: Foul Ball, location: 2F 0-2: Foul Ball, location: 2F 0-2: Foul Ball, location: 2F 0-2: Foul Ball, location: 2F 0-2: Fly out, F8 (Line Drive, 78D)
|
Bottom of the 9th over - 0 run(s), 0 hit(s), 0 error(s), 0 left on base; Louisville 0 - Rocky Mountain 0 |
TOP OF THE 10TH |
Louisville BC batting - Pitching for Rocky Mountain Nuggets : RHP Reynaldo Ortíz
|
Batting: RHB Roy Herring
|
0-0: Ball 1-0: Fly out, F6 (Popup, 4MD)
|
Batting: LHB Joram Nelen
|
0-0: Called Strike 0-1: Foul Ball, location: 2F 0-2: Foul Ball, location: 2F 0-2: Ball 1-2: Strikes out swinging
|
Batting: LHB Arturo Acevedo
|
0-0: Ball 1-0: Called Strike 1-1: Swinging Strike 1-2: Foul Ball, location: 2F 1-2: Foul Ball, location: 2F 1-2: Foul Ball, location: 2F 1-2: Foul Ball, location: 2F 1-2: Ball 2-2: Ground out 6-3 (Groundball, 6)
|
Top of the 10th over - 0 run(s), 0 hit(s), 0 error(s), 0 left on base; Louisville 0 - Rocky Mountain 0 |
BOTTOM OF THE 10TH |
Rocky Mountain Nuggets batting - Pitching for Louisville BC : RHP Lance Hodges
|
Batting: RHB Mike Green
|
0-0: Called Strike 0-1: Ball 1-1: Ground out 6-3 (Groundball, 6)
|
Batting: RHB Gary Chalmers
|
0-0: Called Strike 0-1: Fly out, F7 (Flyball, 7)
|
Batting: RHB Mark Melton
|
0-0: Foul Ball, location: 2F 0-1: Ball 1-1: Fly out, F7 (Flyball, 7)
|
Bottom of the 10th over - 0 run(s), 0 hit(s), 0 error(s), 0 left on base; Louisville 0 - Rocky Mountain 0 |
TOP OF THE 11TH |
Louisville BC batting - Pitching for Rocky Mountain Nuggets : RHP Reynaldo Ortíz
|
Pinch Hitting: RHB Ed Anderson
|
0-0: Called Strike 0-1: Ball 1-1: Ball 2-1: Ball 3-1: Called Strike 3-2: Ground out 2-3 (Groundball, 2R)
|
Batting: LHB Carroll Martin
|
0-0: Swinging Strike 0-1: Ball 1-1: Foul Ball, location: 2F 1-2: Strikes out swinging
|
Batting: LHB António González
|
0-0: Called Strike 0-1: Foul Ball, location: 2F 0-2: Ball 1-2: Foul Ball, location: 2F 1-2: Ball 2-2: Ground out 3-1 (Groundball, 34S)
|
Top of the 11th over - 0 run(s), 0 hit(s), 0 error(s), 0 left on base; Louisville 0 - Rocky Mountain 0 |
BOTTOM OF THE 11TH |
Rocky Mountain Nuggets batting - Pitching for Louisville BC : RHP Lance Hodges
|
Now at 1B: Henry Jones
|
|
Batting: RHB Javier Martínez
|
0-0: Swinging Strike 0-1: SINGLE (Groundball, 6M) (infield hit)
|
Batting: LHB Javier Sánchez
|
0-0: Called Strike 0-1: Foul Ball, location: 2F 0-2: Fly out, F8 (Flyball, 89M)
|
Batting: RHB Andrés Rodríguez
|
0-0: Called Strike 0-1: Ball 1-1: Ball 2-1: Swinging Strike 2-2: Grounds into double play, 5-4-3 (Groundball, 56)
|
Bottom of the 11th over - 0 run(s), 1 hit(s), 0 error(s), 0 left on base; Louisville 0 - Rocky Mountain 0 |
TOP OF THE 12TH |
Louisville BC batting - Pitching for Rocky Mountain Nuggets : RHP Reynaldo Ortíz
|
Batting: SHB Eddie Ménard
|
0-0: Swinging Strike 0-1: Ball 1-1: Ball 2-1: Foul Ball, location: 2F 2-2: Strikes out swinging
|
Batting: LHB Luis Velázquez
|
0-0: Ball 1-0: Ball 2-0: Ball 3-0: Called Strike 3-1: Ground out 5-3 (Groundball, 5)
|
Batting: SHB Chris Williamson
|
0-0: Ball 1-0: Ball 2-0: Called Strike 2-1: Called Strike 2-2: SINGLE (Line Drive, 4MD)
|
Batting: RHB Roy Herring
|
0-0: Ball Chris Williamson is caught stealing 2nd base
|
Top of the 12th over - 0 run(s), 1 hit(s), 0 error(s), 0 left on base; Louisville 0 - Rocky Mountain 0 |
BOTTOM OF THE 12TH |
Rocky Mountain Nuggets batting - Pitching for Louisville BC : RHP Lance Hodges
|
Batting: LHB Juan Ríos
|
0-0: Ball 1-0: Foul Ball, location: 2F 1-1: Swinging Strike 1-2: Fly out, F7 (Flyball, 78XD)
|
Batting: RHB Wes Shannon
|
0-0: SOLO HOME RUN (Flyball, 7D), Distance : 384 ft
|
Friday, December 30th, 2016 - OOTP Baseball 17.12 Build 75
|
|